 Dungeon Crawl Stone Soup version 0.29-a0-520-gc852659d43 (webtiles) character file.

Game seed: 9557220107745770382

4 Spectrina the Ducker (level 1, 0/13 HPs)
             Began as a Deep Elf Monk on June 1, 2022.
             Slain by a hobgoblin (4 damage)
             ... on level 1 of the Dungeon.
             The game lasted 00:00:38 (46 turns).

Spectrina the Ducker (Deep Elf Monk)                  Turns: 46, Time: 00:00:39

Health: 0/13       AC:  2    Str:  8    XL:     1   Next: 58%
Magic:  3/3        EV: 13    Int: 14    God:
Gold:   13         SH:  0    Dex: 17    Spells: 0/0 levels left

rFire   . . .      SeeInvis .   d - +1 dagger (venom)
rCold   . . .      Faith    .   (no shield)
rNeg    . . .      Spirit   .   b - +0 robe
rPois   .          Reflect  .   (no helmet)
rElec   .          Harm     .   (no cloak)
rCorr   .          Rampage  .   (no gloves)
Will    .....                   (no boots)
Stlth   ++........              (no amulet)
HPRegen 0.04/turn               (no ring)
MPRegen 0.08/turn               (no ring)

@: no status effects
A: no striking features
a: no special abilities


You were on level 1 of the Dungeon.
You visited 1 branch of the dungeon, and saw 1 of its levels.

You collected 13 gold pieces.

Inventory:

Hand Weapons
 a - a +0 falchion
 d - a +1 dagger of venom (weapon)
Armour
 b - a +0 robe (worn)
Potions
 c - a potion of ambrosia


   Skills:
 + Level 2.4 Fighting
 + Level 0.2(1.8) Short Blades
 - Level 2.7 Long Blades
 + Level 0.1 Armour
 + Level 3.7 Dodging
 + Level 2.5 Stealth


You couldn't memorise any spells.
You didn't know any spells.
Your spell library was empty.

Dungeon Overview and Level Annotations

Branches:
Dungeon (1/15)

Altars:


Message History

a +1 dagger of venom; 5 stones; a kobold corpse Your +1 dagger of venom begins to drip with poison!
d - a +1 dagger of venom (weapon)
2 jackals come into view.
The jackal barks!
The hobgoblin shouts!
You see here a +0 ring mail.
Unknown command.
The jackal barks!
There is an open door here.
The jackal misses you.
You completely miss the jackal. The jackal bites you.
You hit the jackal.
The jackal is poisoned.
The jackal is moderately wounded.
The jackal completely misses you.
You hit the jackal.
You kill the jackal!
The quokka twitches its whiskers.
You hit the jackal.
The jackal is lightly wounded.
The jackal misses you. The jackal closely misses you.
You hit the jackal.
The jackal is moderately wounded.
The jackal closely misses you.
You barely miss the jackal.
The jackal is moderately wounded.
The jackal bites you.
You hit the jackal.
You kill the jackal!
The quokka misses you.
You miss the quokka. The quokka closely misses you.
You completely miss the quokka. The quokka closely misses you.
You hit the quokka.
The quokka is poisoned.
The quokka is moderately wounded.
The quokka bites you.
You hit the quokka.
You kill the quokka!
You hit the hobgoblin.
The hobgoblin is poisoned.
The hobgoblin is severely wounded.
The hobgoblin hits you.
You die...

#..##..######
.........(...##
...............#
.##...##...##...#
##.. #..####..#
#. #..# ##..# .
#...##...#
#........#
##......@##
########g#
#######..###...
#...............
#.(...g........?
+...............
#...[..r........
#............###
#......:.....#


You could see a hobgoblin (very poisoned).

Vanquished Creatures
  2 jackals (D:1)
  A quokka (D:1)
  A kobold (D:1)
4 creatures vanquished.

Notes
Turn   | Place    | Note
-------+----------+-------------------------------------------
     0 | D:1      | Spectrina the Deep Elf Monk began the quest for the Orb.
     0 | D:1      | Reached XP level 1. HP: 13/13 MP: 3/3
    46 | D:1      | Slain by a hobgoblin

Illustrated notes

Levels and vault maps discovered:
D:1:      minmay_arrival_four_loops, layout_basic, basic_ecumenical_altar,
          serial_shops, shop

Action                   || total
-------------------------++-------
Melee: Dagger            ||    12
       Falchion          ||     1
 Stab: Sleeping          ||     1
Dodge: Dodged            ||     8

Table legend: (Time is in decaauts)
 A = Elapsed time spent in this place.
 B = Non-inter-level travel time spent in this place.
 C = Inter-level travel time spent in this place.
 D = Time resting spent in this place.
 E = Time spent auto-exploring this place.
 F = Levels seen in this place.
 G = Mean time per level.
                   A        B        C        D        E       F      G
               +--------+--------+--------+--------+--------+-----+--------+
         Total |     44 |     44 |      0 |      0 |      0 |   1 |   44.0 |
       Dungeon |     44 |     44 |      0 |      0 |      0 |   1 |   44.0 |
               +--------+--------+--------+--------+--------+-----+--------+

Top non-repeatable levels by time:
     D:1: 44 daAuts
